Map: Ulrena

Players

zidar

  • Race: Zerg Zerg
  • League: Silver
  • Spawn Location: 11:00

ItsJunker - Winner!

  • Race: Protoss Protoss
  • League: Silver
  • Spawn Location: 7:00

VOD

Have the link to the VOD?

Description

Time

  • Played on: Jan. 19, 2016, 11:01 a.m.
  • Length: 15:07
Show
View Real Time Build Order
Export as new Build Order

zidar Zerg 

Build Orders: Hatch First 

Get SALT Encoding   

  12  0:02  Drone  
  13  0:12  Overlord  
  13  0:17  Drone  
  14  0:40  Drone  
  14  0:41  Drone x2  
  17  0:56  Hatchery  
  16  0:58  Drone  
  17  1:14  Spawning Pool  
  17  1:17  Drone  
  17  1:25  Drone  
  17  1:29  Overlord  
  17  1:30  Extractor  
  17  1:34  Drone  
  18  1:45  Drone  
  19  2:02  Queen  
  21  2:09  Queen  
  22  2:17  Drone x3  
  25  2:35  Roach Warren  
  25  2:36  Drone  
  25  2:45  Zergling x10  
  30  2:56  Drone x2  
  32  3:16  Metabolic Boost  
  32  3:24  Extractor  
  27  3:50  Drone x8  
  27  3:51  Hatchery  
  27  3:53  Overlord x2  
  27  3:54  Overlord  
  34  4:01  Overlord  
  34  4:10  Lair  
  34  4:17  Queen  
  34  4:22  Roach  
  38  4:25  Roach  
  38  4:27  Roach  
  42  4:41  Overlord x2  
  42  4:54  Spore Crawler  
  41  5:00  Spore Crawler  
  40  5:12  Roach  
  40  5:13  Roach x7  
  56  5:15  Ravager x2  
  56  5:17  Ravager  
  59  5:28  Overseer  
  59  5:35  Drone x4  
  63  5:37  Extractor  
  63  5:39  Extractor  
  63  5:40  Queen  
  63  5:49  Drone x3  
  66  6:05  Drone  
  66  6:06  Drone x5  
  66  6:09  Drone  
  73  6:25  Pneumatized Carapace  
  73  6:35  Spore Crawler  
  72  6:42  Overseer  
  72  6:50  Drone  
  72  6:51  Drone x8  
  81  7:32  Hydralisk Den  
  80  7:45  Extractor  
  80  7:49  Extractor  
  78  8:15  Hydralisk  
  78  8:18  Overlord  
  78  8:19  Overlord x3  
  80  8:20  Overlord x3  
  80  8:24  Glial Reconstitution  
  80  8:38  Evolution Chamber x2  
  78  9:14  Hydralisk  
  78  9:15  Hydralisk x16  
  112  9:18  Roach  
  114  9:25  Lurker Den  
  113  9:56  Hydralisk  
  113  9:57  Hydralisk x6  
  113  9:58  Roach  
  113  9:59  Roach  
  50  10:58  Zergling x2  
  50  10:59  Zergling x28  
  65  11:15  Spore Crawler x2  
  65  11:16  Spore Crawler  
  62  11:18  Spore Crawler  
  62  11:19  Spore Crawler  
  62  11:20  Spore Crawler  
  62  11:21  Spore Crawler  
  58  11:27  Spore Crawler  
  58  11:31  Spore Crawler  
  51  11:33  Spore Crawler  
  51  11:35  Spore Crawler  
  51  11:36  Spore Crawler  
  51  11:38  Spore Crawler  
  37  11:52  Spire, Zerg Missile Weapons Level 1  
  36  11:57  Hydralisk  
  36  11:58  Hydralisk x8  
  54  12:06  Hydralisk  
  56  12:17  Drone  
  57  12:26  Drone  
  57  12:27  Drone x4  
  63  12:51  Drone x2  
  63  12:52  Drone x6  
  68  13:20  Hydralisk Den  
  68  13:24  Spire  
  62  13:31  Hydralisk  
  62  13:32  Hydralisk x3  
  62  13:33  Hydralisk  
  68  13:35  Hydralisk  
  64  13:44  Overlord  
  64  13:45  Overlord  
  27  14:32  Hydralisk  
  27  14:33  Hydralisk x4  
Show
View Real Time Build Order
Export as new Build Order

ItsJunker Protoss - Winner!

Build Orders: Carriers 

Get SALT Encoding   

  12  0:03  Probe (Chrono Boost)  
  13  0:13  Probe (Chrono Boost)  
  14  0:20  Pylon  
  14  0:24  Probe (Chrono Boost)  
  15  0:38  Probe (Chrono Boost)  
  15  0:41  Gateway  
  16  0:46  Assimilator  
  16  0:49  Probe (Chrono Boost)  
  17  0:59  Probe (Chrono Boost)  
  18  1:10  Probe (Chrono Boost)  
  19  1:13  Assimilator  
  19  1:23  Pylon  
  19  1:31  Cybernetics Core  
  19  1:35  Probe (Chrono Boost)  
  20  1:45  Probe (Chrono Boost)  
  21  1:57  Probe (Chrono Boost)  
  22  2:07  Probe (Chrono Boost)  
  23  2:18  Mothership Core (Chrono Boost)  
  23  2:19  Zealot, Pylon  
  27  2:36  Nexus  
  27  2:40  Assimilator  
  27  2:41  Assimilator  
  27  3:01  Forge  
  27  3:10  Stalker  
  29  3:18  Stargate  
  29  3:41  Photon Cannon  
  29  3:45  Photon Cannon  
  30  3:48  Probe (Chrono Boost)  
  30  3:59  Probe (Chrono Boost)  
  31  4:07  Fleet Beacon  
  31  4:09  Probe (Chrono Boost)  
  32  4:20  Probe (Chrono Boost)  
  33  4:26  Pylon  
  33  4:31  Probe (Chrono Boost), Pylon  
  34  4:36  Pylon  
  34  4:41  Probe (Chrono Boost)  
  35  4:46  Oracle  
  35  4:52  Probe (Chrono Boost)  
  39  4:58  Stargate  
  39  5:02  Probe (Chrono Boost)  
  40  5:13  Probe (Chrono Boost)  
  41  5:16  Nexus  
  41  5:21  Oracle  
  41  5:23  Probe (Chrono Boost)  
  45  5:31  Stargate  
  45  5:34  Probe (Chrono Boost)  
  46  5:38  Pylon  
  46  5:44  Probe (Chrono Boost)  
  47  5:55  Probe (Chrono Boost)  
  48  6:00  Tempest  
  58  6:05  Probe (Chrono Boost)  
  59  6:16  Probe (Chrono Boost)  
  60  6:25  Carrier  
  79  7:44  Probe (Chrono Boost), Pylon  
  79  7:47  Probe (Chrono Boost)  
  80  7:55  Probe (Chrono Boost)  
  80  7:58  Carrier x3, Probe (Chrono Boost)  
  82  8:05  Probe (Chrono Boost)  
  83  8:16  Probe (Chrono Boost)  
  84  8:26  Probe (Chrono Boost)  
  85  8:35  Probe (Chrono Boost)  
  85  8:37  Probe (Chrono Boost)  
  85  8:38  Assimilator  
  85  8:40  Assimilator  
  87  8:45  Probe (Chrono Boost)  
  87  8:47  Probe (Chrono Boost)  
  89  8:48  Nexus  
  89  8:55  Stargate  
  89  8:56  Probe (Chrono Boost)  
  89  8:57  Stargate  
  89  8:58  Probe (Chrono Boost)  
  91  9:05  Photon Cannon  
  91  9:06  Probe (Chrono Boost)  
  91  9:08  Probe (Chrono Boost), Photon Cannon  
  93  9:13  Photon Cannon  
  93  9:15  Photon Cannon  
  94  9:17  Probe (Chrono Boost)  
  94  9:18  Photon Cannon, Pylon  
  94  9:20  Photon Cannon, Pylon  
  94  9:23  Pylon  
  94  9:35  Pylon  
  94  9:38  Pylon  
  94  9:40  Pylon  
  124  9:52  Probe (Chrono Boost)  
  125  10:02  Carrier  
  125  10:03  Carrier x3, Probe (Chrono Boost)  
  125  10:04  Carrier  
  125  10:06  Photon Cannon  
  132  10:09  Photon Cannon  
  132  10:12  Photon Cannon  
  132  10:13  Probe (Chrono Boost)  
  133  10:15  Photon Cannon  
  133  10:20  Probe (Chrono Boost)  
  134  10:23  Mothership  
  130  10:30  Probe (Chrono Boost)  
  125  10:41  Probe (Chrono Boost)  
  120  10:51  Probe (Chrono Boost)  
  121  11:02  Probe (Chrono Boost)  
  128  11:13  Photon Cannon  
  128  11:19  Photon Cannon  
  128  11:20  Photon Cannon  
  128  11:24  Tempest x3  
  128  11:25  Photon Cannon  
  152  11:27  Photon Cannon  
  152  11:45  Carrier x2  
  152  11:50  Zealot  
  154  11:56  Probe (Chrono Boost)  
  155  12:02  Assimilator  
  155  12:03  Assimilator  
  155  12:07  Probe (Chrono Boost)  
  156  12:09  Tempest x3  
  168  12:17  Zealot  
  168  12:18  Probe (Chrono Boost)  
  171  12:28  Probe (Chrono Boost)  
  172  12:36  Anion Pulse-Crystals  
  172  12:50  Pylon  
  172  12:51  Pylon  
  172  12:54  Pylon  
  172  12:58  Pylon  
  172  13:07  Tempest  
  172  13:08  Probe (Chrono Boost)  
  177  13:30  Tempest x4  
  193  13:44  Graviton Catapult  
Tags
 
Composition
Carriers
Matchup
PvZ
Spawn Locations
Close Positions
Add a new tag
Caveats
  • Supply blocks, unpowered buildings, or Contaminate may cause inaccurate times.
  • Supply counts are checked every 10 seconds.